 Dungeon Crawl Stone Soup version 0.31-a0-626-g8143ab4f1d (webtiles) character file.

Game seed: 18429393163010870603

62 Newt the Trooper (level 4, 0/31 HPs)
             Began as a Gargoyle Fighter on Aug 24, 2023.
             Was a Follower of Jiyva.
             Slain by Natasha (6 damage)
             ... on level 2 of the Dungeon.
             The game lasted 00:01:17 (974 turns).

Newt the Trooper (Gargoyle Fighter)                  Turns: 974, Time: 00:01:18

Health: 0/31       AC: 10    Str: 22    XL:     4   Next: 8%
Magic:  4/4        EV:  9    Int:  8    God:    Jiyva [*.....]
Gold:   170        SH:  4    Dex:  9    Spells: 3/3 levels left

rFire   . . .        a - +0 flail
rCold   . . .        c - +0 buckler
rNeg    + . .        b - +0 scale mail
rPois   ∞            (no helmet)
rElec   +            (no cloak)
rCorr   +            (no gloves)
SInv    .            (no boots)
Will    .....        (no amulet) Stlth
                     f - ring of resist corrosion
HPRegen 1.05/turn    (no ring)
MPRegen 0.34/turn

%: no passive effects
@: mighty, slowed, very slow
A: sickness immunity, AC +3, negative energy resistance 1, electricity
resistance, torment resistance 1, petrification resistance
a: Renounce Religion


You were on level 2 of the Dungeon.
You worshipped Jiyva.
Jiyva was aware of your devotion.
You visited 1 branch of the dungeon, and saw 2 of its levels.

You collected 170 gold pieces.

Inventory:

Hand Weapons
 a - a +0 flail (weapon)
Armour
 b - a +0 scale mail (worn)
 c - a +0 buckler (worn)
Jewellery
 f - a ring of resist corrosion (left hand)
Scrolls
 g - a scroll of teleportation
Potions
 d - a potion of might
 e - a potion of degeneration
 i - a potion of enlightenment {unknown}
 k - a potion of attraction {unknown}
 m - 2 potions of heal wounds {unknown}
 n - a potion of berserk rage {unknown}


   Skills:
 - Level 5.0 Fighting
 + Level 2.6 Maces & Flails
 - Level 3.2 Armour
 - Level 3.2 Shields


You had 3 spell levels left.
You didn't know any spells.
Your spell library contained the following spells:

 Spells                   Type           Power      Damage    Failure   Level
 Call Canine Familiar     Summ           0%         N/A       99%         3
 Portal Projectile        Hex/Tloc       0%         N/A       99%         3
 Animate Dead             Necr           0%         N/A       100%        4
 Leda's Liquefaction      Hex/Erth       0%         N/A       100%        4
 Borgnjor's Vile Clutch   Necr/Erth      0%         N/A       100%        5
 Death Channel            Necr           0%         N/A       100%        6


Dungeon Overview and Level Annotations

Branches:
Dungeon (2/15)

Altars:
Jiyva

Annotations:
D:2 Natasha


Innate Abilities, Weirdness & Mutations

You are immune to sickness and miasma.
Your stone body is resilient. (AC +3)
You are immune to poison.
You resist negative energy. (rN+)
You are resistant to electric shocks. (rElec)
You are resistant to unholy torment.
You are immune to petrification.


Message History

The rat barely misses you. The cerulean imp barely misses you.
Unknown command.
You barely miss the rat. Natasha claws you. The cerulean imp barely misses you.
The rat closely misses you. The cerulean imp closely misses you.
Natasha barely misses you. You block the cerulean imp's attack.
The rat barely misses you.
Unknown command.
You barely miss Natasha.
Natasha is lightly wounded.
The cerulean imp hits you from afar with a +1 spear.
Natasha claws you.
The cerulean imp hits you but does no damage.
The rat barely misses you. The cerulean imp closely misses you.
Natasha claws you but does no damage.
The cerulean imp hits you but does no damage.
The rat bites you.
You hit Natasha but do no damage.
Natasha is lightly wounded.
The cerulean imp hits you but does no damage.
Natasha claws you.
The cerulean imp hits you with a +0 spear.
The rat bites you. The cerulean imp barely misses you. Natasha claws you!
The cerulean imp hits you with a +0 spear.
* * * LOW HITPOINT WARNING * * *
The rat bites you but does no damage.
You barely miss Natasha.
Natasha is lightly wounded.
The cerulean imp hits you from afar with a +1 spear.
* * * LOW HITPOINT WARNING * * *
Natasha claws you.
* * * LOW HITPOINT WARNING * * *
The cerulean imp hits you but does no damage.
The rat bites you but does no damage. The cerulean imp closely misses you.
You block Natasha's attack.
The cerulean imp hits you but does no damage.
The rat bites you but does no damage.
You feel very mighty all of a sudden. The cerulean imp barely misses you.
Natasha claws you.
You die...
Natasha curls up and begins to purr.

**~~*,.##~♣~♣~#...####...#.......
,,,,,,,,##[.......#.##.P.##....†.
,,,,,,,,*#..#...#.<#...P.P.#.....
>,,,,,,,,.....##...#.P....P#.....
,,,,,,,,,,#..##....#......P#.....
,,,,,,,,,.#.......#..P......#....
,,,,,,,,,.........#......P..#....
,,,,,,,,,.#...##.5#P.P...P..#....
,,,,,,,,,.......@##..PP.P...#....
,,,,,,,,,.>....h†r#####_#####....
,,,,,,,,,......5..#.....PP..#....
,,,,,,,,,........##P...P...P#....
,,,,,,,,,........##P........#....
,,,,,,,,,.....$..##.$.......#...†
,,,,,,,**..........#P...PP.#.....
,,,,,,,**........#.#..P..P.#.....
,,,,,,,**,,,,,,,.###...P...#.....


You could see Natasha, 2 cerulean imps and a rat.

Vanquished Creatures
  3 adders (D:2)
  2 dart slugs (D:1)
  4 endoplasms
  2 giant cockroaches
  3 goblins
  A hobgoblin (D:2)
  3 kobolds
  A quokka (D:2)
  4 ball pythons
  4 bats
  3 rats
30 creatures vanquished.

Notes
Turn   | Place    | Note
-------+----------+-------------------------------------------
     0 | D:1      | Newt the Gargoyle Fighter began the quest for the Orb.
     0 | D:1      | Reached XP level 1. HP: 14/14 MP: 1/1
   104 | D:1      | Reached XP level 2. HP: 13/20 MP: 2/2
   323 | D:1      | Reached skill level 4 in Fighting
   763 | D:2      | Reached XP level 3. HP: 24/24 MP: 3/3
   853 | D:2      | Reached skill level 5 in Fighting
   880 | D:2      | Found a faded altar of an unknown god.
   902 | D:2      | Prayed at the altar of an unknown god.
   902 | D:2      | Became a worshipper of Jiyva Juvveng the Shapeless
   902 | D:2      | Reached * piety under Jiyva
   912 | D:2      | Reached XP level 4. HP: 31/31 MP: 4/4
   960 | D:2      | Noticed Natasha
   974 | D:2      | Slain by Natasha

Illustrated notes

Levels and vault maps discovered:
D:1:      onia_arrival_pentagram, layout_loops_ring, moated_statue,
          minmay_domino_4
D:2:      minmay_chambers_of_ones, layout_rooms, shapermc_ecumenical_altar_gd,
          serial_bayou_lagoon_b, uniq_natasha

Skill      XL: |  1  2  3 |
---------------+----------+-----
Fighting       | 4 5 |  5.0
Maces & Flails | |  2.6
Armour         | |  3.2
Shields        | |  3.2

Action                     |  1- 3 |  4- 6 || total
---------------------------+-------+-------++-------
  Melee: Flail             |    68 |    15 ||    83
    Use: Scroll            |     5 |       ||     5
         Potion            |       |     1 ||     1
 Armour: Scale mail        |    52 |    22 ||    74
  Dodge: Dodged            |    32 |    23 ||    55
  Block: Buckler           |     9 |     4 ||    13

Table legend: (Time is in decaauts)
 A = Elapsed time spent in this place.
 B = Non-inter-level travel time spent in this place.
 C = Inter-level travel time spent in this place.
 D = Time resting spent in this place.
 E = Time spent auto-exploring this place.
 F = Levels seen in this place.
 G = Mean time per level.
                   A        B        C        D        E       F      G
               +--------+--------+--------+--------+--------+-----+--------+
         Total |   1008 |    991 |     17 |      0 |    765 |   2 |  504.0 |
       Dungeon |   1008 |    991 |     17 |      0 |    765 |   2 |  504.0 |
               +--------+--------+--------+--------+--------+-----+--------+

Top non-repeatable levels by time:
     D:1: 768 daAuts
     D:2: 240 daAuts
